 Dungeon Crawl Stone Soup version 0.30.1-9-gdf580d7c3d (webtiles) character file.

Game seed: 17266945116021736240

319 boopmooplesden the Slasher (level 6, -3/54 (56) HPs)
             Began as a Minotaur Berserker on Oct 19, 2023.
             Was a Priest of Trog.
             Slain by a chaos spawn (10 damage)
             ... on level 1 of the Abyss.
             The game lasted 00:03:26 (2307 turns).

boopmooplesden the Slasher (Minotaur Berserker)     Turns: 2307, Time: 00:03:26

HP:   -3/54 (56)    AC:  9    Str: 24    XL:     6   Next: 21%
MP:   5/5           EV:  9    Int:  4    God:    Trog [***...]
Gold: 135           SH:  5    Dex:  9    Spells: 5/5 levels left

rFire   . . .        k - +0 war axe (heavy)
rCold   . . .        (no shield)
rNeg    . . .        d - +0 chain mail
rPois   .            (helmet restricted)
rElec   .            (no cloak)
rCorr   .            (no gloves)
SInv    .            (no boots)
Will    .....        e - amulet of reflection Stlth
                     (no ring)
HPRegen 0.00/turn    (no ring)
MPRegen 0.09/turn

%: reflection
@: sick, lightly drained
A: horns 2, retaliatory headbutt
a: Renounce Religion, Berserk, Trog's Hand


You were on level 1 of the Abyss.
You worshipped Trog.
Trog was most pleased with you.
You visited 1 branch of the dungeon, and saw 3 of its levels.
You visited the Abyss 1 time.

You collected 135 gold pieces.

Inventory:

Hand Weapons
 a - a +0 falchion
 k - a +0 heavy war axe (weapon)
Armour
 d - a +0 chain mail (worn)
 g - a +0 leather armour
Jewellery
 e - an amulet of reflection (around neck)
Scrolls
 b - 2 scrolls of identify
 c - a scroll of blinking
 f - a scroll of amnesia {unknown}
 h - a scroll of fear {unknown}
 m - a scroll of butterflies {unknown}
 n - 2 scrolls of silence {unknown}
 p - a scroll of poison {unknown}
Potions
 i - a potion of berserk rage
 j - 3 potions of degeneration {unknown}
 l - 2 potions of curing {unknown}
 o - 2 potions of ambrosia {unknown}


   Skills:
 + Level 5.0 Fighting
 + Level 5.7 Long Blades
 + Level 1.5 Axes
 + Level 3.5 Armour
 + Level 3.5 Dodging
 + Level 1.5 Shields


You had 5 spell levels left.
You didn't know any spells.
Your spell library was empty.

Dungeon Overview and Level Annotations

Branches:
Dungeon (3/15)

Altars:
Fedhas
Kikubaaqudgha

Annotations:
D:3 Crazy Yiuf


Innate Abilities, Weirdness & Mutations

You have a pair of horns on your head.
You reflexively headbutt those who attack you in melee.


Message History

You feel a strong urge to attack something.
There is an open translucent door here.
You feel your anger nearly subside.
You are no longer berserk.
You are exhausted.
You feel yourself slow down.
There is an open translucent door here.
You feel yourself speed up.
A chaos spawn comes into view.
The chaos spawn's pages rustle loudly.
The chaos spawn closely misses you.
You closely miss the chaos spawn.
An ancient zyme comes into view.
You feel yourself growing ill in the presence of the ancient zyme.
The chaos spawn hits you! x2
You barely miss the chaos spawn.
The chaos spawn gores you but does no damage.
You feel ill. The chaos spawn barely misses you. You furiously retaliate!
You headbutt the chaos spawn. You barely miss the chaos spawn.
The chaos spawn is lightly wounded.
You feel ill. The chaos spawn barely misses you.
The chaos spawn gores you but does no damage.
The ancient zyme hits you. You block the ancient zyme's attack.
You feel ill.
You slash the chaos spawn!
The chaos spawn is heavily wounded.
You slash the ancient zyme! The ancient zyme hits you.
The ancient zyme closely misses you.
You feel ill.
The chaos spawn splatters into many small globs of multi-coloured light, then recombines.
You block the chaos spawn's attack.
The ancient zyme hits you but does no damage. x2
The chaos spawn hits you.
You feel drained.
The ancient zyme attacks as you move away!
The ancient zyme hits you!
The ancient zyme hits you but does no damage.
You recover from your berserk rage.
The chaos spawn attacks as you move away!
The chaos spawn hits you!
* * * LOW HITPOINT WARNING * * *
The chaos spawn freezes you!
You die...

. #.#..# .♣♣ ... #..
♣ ♣ .# .#.###....♣ .
###.#. #.#.. ... .
###
..#.##.#.#....♣♣♣
#..# #...##. .
...♣♣♣
#..##.#..#.##..#♣♣.♣
#...#4.#.##. ..#..♣
#.@x....#.# #...#
#..#####..##....###
#.# ### ..## # ..
#.##.# # ... ###
###. #


You could see an ancient zyme and a chaos spawn.

Vanquished Creatures
  Sigmund (D:2)
  Jessica (D:2)
  Robin (D:3)
  5 adders
  2 worms
  A dart slug (D:2)
  An orc (D:3)
  5 ball pythons
  7 endoplasms
  A giant cockroach (D:3)
  6 hobgoblins
  2 jackals (D:1)
  5 quokkas
  4 bats
  2 frilled lizards
  15 goblins
  2 kobolds (D:2)
  7 rats
68 creatures vanquished.

Notes
Turn   | Place    | Note
-------+----------+-------------------------------------------
     0 | D:1      | boopmooplesden the Minotaur Berserker began the quest for
                  | the Orb.
     0 | D:1      | Reached XP level 1. HP: 19/19 MP: 0/0
   236 | D:1      | Reached XP level 2. HP: 27/27 MP: 1/1
   822 | D:2      | Noticed Jessica
   826 | D:2      | Killed Jessica
   827 | D:2      | Reached XP level 3. HP: 23/33 MP: 2/2
   959 | D:2      | Noticed Sigmund
   971 | D:2      | Killed Sigmund
   972 | D:2      | Reached skill level 5 in Fighting
   972 | D:2      | Reached skill level 5 in Long Blades
   972 | D:2      | Reached skill level 1 in Shields
   972 | D:2      | Reached XP level 4. HP: 19/42 MP: 3/3
   972 | D:2      | Reached XP level 5. HP: 21/48 MP: 4/4
  1126 | D:2      | Found an ancient bone altar of Kikubaaqudgha.
  1293 | D:2      | Reached ** piety under Trog
  1524 | D:2      | Found a faded altar of an unknown god.
  1844 | D:3      | Reached XP level 6. HP: 54/56 MP: 5/5
  1919 | D:3      | Noticed Robin
  1930 | D:3      | Killed Robin
  1931 | D:3      | Reached skill level 1 in Axes
  2048 | D:3      | Reached *** piety under Trog
  2069 | D:3      | Found a blossoming altar of Fedhas.
  2261 | D:3      | Found a runed translucent door.
  2262 | D:3      | Noticed Crazy Yiuf
  2266 | Abyss:1  | Cast into level 1 of the Abyss (Crazy Yiuf)
  2299 | Abyss:1  | Noticed a chaos spawn
  2302 | Abyss:1  | Noticed an ancient zyme
  2307 | Abyss:1  | Slain by a chaos spawn

Illustrated notes

Levels and vault maps discovered:
D:1:      dpeg_arrival_court, layout_basic
D:2:      layout_loops_ring, ebering_ecumenical_altar_rust, basic_altar,
          uniq_sigmund, uniq_jessica
D:3:      layout_rooms, mainiacjoe_overflow_tiny_flanked, st_stairs_12,
          hex_large, uniq_robin, uniq_crazy_yiuf_cottage
Abyss:1:  base:
D:2

Skill      XL: |  1  2  3  4  5  6 |
---------------+-------------------+-----
Long Blades    | 4 5 |  5.7
Fighting       | 4 5 |  5.0
Armour         | 3 |  3.5
Dodging        | 3 |  3.5
Shields        | 1 |  1.5
Axes           | 1 |  1.5

Action                     |  1- 3 |  4- 6 || total
---------------------------+-------+-------++-------
  Melee: Falchion          |    60 |     1 ||    61
         Headbutt          |     9 |     6 ||    15
         War axe           |       |    67 ||    67
 Invoke: Berserk           |     1 |     2 ||     3
    Use: Scroll            |       |     5 ||     5
 Armour: Animal skin       |     7 |       ||     7
         Leather armour    |     6 |     2 ||     8
         Chain mail        |       |    53 ||    53
  Dodge: Dodged            |    33 |    63 ||    96
  Block: Other             |    16 |    23 ||    39
         Reflection        |       |     1 ||     1
